 Dungeon Crawl Stone Soup version 0.27.0-1-g7a089689b8 (webtiles) character file.

Game seed: 8663721594044083128

21 Sabo the Chopper (level 2, -1/22 HPs)
             Began as a Demonspawn Gladiator on Aug 15, 2021.
             Slain by a gnoll (5 damage)
             ... on level 1 of the Dungeon.
             The game lasted 00:02:17 (627 turns).

Sabo the Chopper (Demonspawn Gladiator)              Turns: 627, Time: 00:02:18

Health: -1/22      AC: 12    Str: 14    XL:     2   Next: 65%
Magic:  2/2        EV:  6    Int:  9    God:
Gold:   45         SH:  0    Dex: 14    Spells: 1/1 levels left

rFire    . . .     SeeInvis +   a - +0 war axe
rCold    . . .     Faith    .   (no shield)
rNeg     . . .     Spirit   .   k - +3 chain mail
rPois    .         Reflect  .   c - +0 helmet
rElec    .         Harm     .   (no cloak)
rCorr    .         Rampage  .   (no gloves)
Will     .....                  (no boots)
Stlth    ..........             (no amulet)
HPRegen  0.07/turn              e - ring of see invisible
MPRegen  0.08/turn              (no ring)

@: no status effects
A: talons 1
a: no special abilities


You were on level 1 of the Dungeon.
You visited 1 branch of the dungeon, and saw 1 of its levels.

You collected 45 gold pieces.

Inventory:

Hand Weapons
 a - a +0 war axe (weapon)
Missiles
 d - 3 throwing nets (quivered)
 f - 11 poisoned darts
 i - 23 bolts
Armour
 c - a +0 helmet (worn)
 k - a +3 chain mail (worn)
Jewellery
 e - a ring of see invisible (left hand)
Scrolls
 g - a scroll of holy word {unknown}
 j - a scroll of identify {unknown}
Potions
 h - a potion of invisibility {unknown}


   Skills:
 + Level 2.1 Fighting
 + Level 3.3 Axes
 + Level 2.0 Throwing
 + Level 2.8 Dodging


You had one spell level left.
You didn't know any spells.
Your spell library was empty.

Dungeon Overview and Level Annotations

Branches:
Dungeon (1/15)

Altars:


Innate Abilities, Weirdness & Mutations

You have sharp toenails.


Message History

You finish putting on your +3 chain mail.
You drop a +0 leather armour.
As you open the door, it creaks loudly!
There is an open door here.
Found a leather armour.
You see here a +0 leather armour.
You see here a +0 leather armour.
There is an open door here.
You open the door.
There is an open door here.
You open the door.
There is an open door here.
You open the door.
A ball python comes into view.
The ball python hisses angrily.
You hear a shout!
A gnoll comes into view. It is wielding a +0 spear.
You closely miss the ball python. You claw the ball python.
The ball python is severely wounded.
The ball python bites you but does no damage.
The ball python grabs you. The ball python constricts you.
Your chain mail prevents you from hitting the ball python.
You claw the ball python.
You kill the ball python!
The gnoll hits you from afar with a +0 spear.
The gnoll hits you but does no damage.
An endoplasm comes into view.
The endoplasm quivers.
The gnoll barely misses you.
There is an open door here.
The gnoll hits you from afar with a +0 spear.
The endoplasm freezes you.
You are frozen.
The gnoll hits you with a +0 spear.
* * * LOW HITPOINT WARNING * * *
There is an open door here.
The gnoll hits you but does no damage.
You slash the endoplasm!
You kill the endoplasm!
The gnoll hits you but does no damage. The gnoll hits you with a +0 spear.
You die...

........... #.#
............. #.#
###.......... #.#
###........... #.#
.##....[...... #.#
.##........ ... #.#
..#........###.# #.#
#.#.##..........#####.#
.# .......@.....# .#
......g####### .#
....... ....... .......
#######


You could see a gnoll.

Vanquished Creatures
  A dart slug (D:1)
  2 ball pythons (D:1)
  5 endoplasms (D:1)
  A giant cockroach (D:1)
  3 hobgoblins (D:1)
  2 bats (D:1)
  2 frilled lizards (D:1)
  A rat (D:1)
17 creatures vanquished.

Notes
Turn   | Place    | Note
-------+----------+-------------------------------------------
     0 | D:1      | Sabo the Demonspawn Gladiator began the quest for the Orb.
     0 | D:1      | Reached XP level 1. HP: 16/16 MP: 1/1
   155 | D:1      | Reached skill level 3 in Axes
   246 | D:1      | Gained mutation: You have sharp toenails. [demonic
                  | ancestry]
   246 | D:1      | Reached XP level 2. HP: 19/22 MP: 2/2
   627 | D:1      | Slain by a gnoll

Illustrated notes

Levels and vault maps discovered:
D:1:      minmay_arrival_jagged, layout_basic

Skill      XL: |  1  2 |
---------------+-------+-----
Axes           | 3 |  3.3
Throwing       | 2 |  2.0
Fighting       | |  2.1
Dodging        | |  2.8

Action                   || total
-------------------------++-------
Melee: War axe           ||    31
       Kick              ||     6
Armor: Leather armour    ||     6
       Chain mail        ||     4
Dodge: Dodged            ||    26
